 Dungeon Crawl Stone Soup version 0.18-a0-1243-g9e52518 (webtiles) character file.

3025 nuthulu the Fighter (level 9, -7/63 HPs)
             Began as a Gargoyle Fighter on Feb 5, 2016.
             Was a Follower of Okawaru.
             Killed from afar by a fire drake (15 damage)
             ... with a blast of flame
             ... on level 8 of the Dungeon.
             The game lasted 00:17:10 (8136 turns).

nuthulu the Fighter (Gargoyle Fighter)              Turns: 8136, Time: 00:17:11

Health: -7/63      AC: 17    Str: 21    XL:     9   Next: 85%
Magic:  9/9        EV:  7    Int:  8    God:    Okawaru [*.....]
Gold:   227        SH:  9    Dex: 15    Spells: 0 memorised, 8 levels left

rFire  . . .     SeeInvis .     a - +1 flail
rCold  . . .     Gourm    .     b - +0 scale mail
rNeg   + . .     Faith    .     c - +0 shield
rPois  ∞         Spirit   .     (no helmet)
rElec  +         Dismiss  .     d - +2 cloak
rCorr  +         Reflect  .     (no gloves)
SustAt .         Harm     .     n - +1 pair of boots
MR     .....                    (no amulet)
Stlth  ..........               p - ring of resist corrosion
                                m - +3 ring of dexterity

@: not resistant to hostile enchantments, extremely unstealthy
A: negative energy resistance 1, electricity resistance, unbreathing,
petrification resistance, rot immunity, AC +5
a: Heroism, Renounce Religion


You were on level 8 of the Dungeon.
You worshipped Okawaru.
Okawaru was aware of your devotion.
You were not hungry.

You visited 2 branches of the dungeon, and saw 9 of its levels.

You collected 297 gold pieces.
You spent 70 gold pieces at shops.

Inventory:

Hand Weapons
 a - a +1 flail (weapon)
Missiles
 y - a throwing net (quivered)
Armour
 b - a +0 scale mail (worn)
 c - a +0 shield (worn)
 d - a +2 cloak (worn)
 n - a +1 pair of boots (worn)
Jewellery
 i - an uncursed amulet of faith
 k - an uncursed ring of magical power
 m - a +3 ring of dexterity (left hand)
 p - a ring of resist corrosion (right hand)
 w - an uncursed amulet of the gourmand {unknown}
Wands
 t - a wand of teleportation (5/9)
 x - a wand of slowing (30/48)
 z - a wand of acid (3/15)
Scrolls
 h - 3 scrolls of amnesia
 u - 2 scrolls of teleportation
Potions
 e - a potion of ambrosia
 l - a potion of berserk rage
 q - a potion of cure mutation {unknown}
 s - a potion of poison
 v - a potion of invisibility
 A - a potion of flight {unknown}
Comestibles
 f - 9 bread rations
 g - 4 meat rations
 j - 11 beef jerkies
 o - 2 fruits
 r - a slice of pizza
 B - 16 chunks of flesh


   Skills:
 + Level 10.7 Fighting
 + Level 9.7 Maces & Flails
 - Level 3.2 Armour
 - Level 3.2 Shields


You had 8 spell levels left.
You didn't know any spells.

Dungeon Overview and Level Annotations

Branches:
Dungeon (8/15)             Temple (1/1) D:7
   Lair: D:8-11

Altars:
Ashenzari
Cheibriados
Dithmenos
Fedhas
Gozag
Kikubaaqudgha
Makhleb
Nemelex Xobeh
Okawaru
Pakellas
Qazlal
Ru
Sif Muna
Trog
Vehumet
Xom
Yredelemnul
Zin
The Shining One
Lugonu

Shops:
D:4 %


Innate Abilities, Weirdness & Mutations

You are resistant to torment.
Your stone body is resilient (AC +5).
You are immune to poison.
You resist negative energy.
You are resistant to electric shocks.
You can survive without breathing.
You are immune to petrification.
You are immune to rotting.


Message History

The fire drake is moderately wounded.
The fire drake bites you.
You sock the fire drake!
The fire drake is almost dead.
You block the fire drake's attack. The fire drake breathes flames at you.
The blast of flame hits you!
* * * LOW HITPOINT WARNING * * *
Unknown command.
You hit the fire drake.
The fire drake is almost dead.
You block the fire drake's attack.
Unknown command.
Drink which item? (? for menu, Esc to quit)
Okay, then.
Your shield prevents you from hitting the fire drake.
The fire drake is almost dead.
The fire drake breathes flames at you. The blast of flame hits you!
You die...

.......# ≈≈..... .......# #.
k...... .......# .. .......
.......#.## .......
.....<....## .....
.#.....#...# .k.
####.....#.##### ##.#
#....#........######..##
#.##.#.#####...@k.#....##
#)#........##..##.......#
#)#........<........##.....#
#.#........########.# ..##..
#.#........# #.# #..# .
#..........# #.# #.#
#..........# #.. ..
##..........# ### ..
#...........#


You could see a fire drake.

Vanquished Creatures
  Pikel (D:4)
  Menkaure (D:5)
  Edmund (D:6)
  A phantom (D:5)
  A sky beast (D:7)
  A black bear (D:6)
  A centaur (D:6)
  6 ogres
  5 giant frogs
  A scorpion (D:6)
  4 killer bees (D:8)
  3 crimson imps
  A quasit (D:7)
  3 giant frog zombies
  A hound (D:8)
  A jelly (D:4)
  A centaur skeleton (D:6)
  3 orc priests
  Crazy Yiuf (D:2)
  2 giant frog skeletons
  Natasha (thrice) (D:2)
  3 worker ants
  A hound skeleton (D:5)
  A worker ant zombie (D:7)
  10 adders
  10 gnolls
  A shadow imp (D:4)
  2 adder skeletons
  2 worms (D:3)
  7 giant geckos
  12 orcs
  4 giant cockroaches
  10 goblins
  12 hobgoblins
  15 jackals
  6 kobolds
  2 quokkas
  4 bats
  2 giant newts
  2 quokka skeletons
  9 rats
  A fungus (D:2)
158 creatures vanquished.

Vanquished Creatures (others)
  A worker ant (D:4)
1 creature vanquished.

Grand Total: 159 creatures vanquished

Notes
Turn   | Place    | Note
--------------------------------------------------------------
     0 | D:1      | nuthulu the Gargoyle Fighter began the quest for the Orb.
     0 | D:1      | Reached XP level 1. HP: 14/14 MP: 1/1
   251 | D:1      | Reached XP level 2. HP: 17/19 MP: 2/2
   476 | D:1      | Reached XP level 3. HP: 8/24 MP: 3/3
   505 | D:1      | Reached skill level 4 in Fighting
   886 | D:2      | Found a basalt altar of Yredelemnul.
   892 | D:2      | Found a radiant altar of Vehumet.
  1014 | D:2      | Found a glowing golden altar of the Shining One.
  1128 | D:2      | Reached XP level 4. HP: 27/30 MP: 4/4
  1297 | D:2      | Found an ancient bone altar of Kikubaaqudgha.
  1433 | D:2      | Noticed Crazy Yiuf
  1443 | D:2      | Killed Crazy Yiuf
  1443 | D:2      | Reached XP level 5. HP: 23/34 MP: 5/5
  1609 | D:2      | Noticed Natasha
  1632 | D:2      | Killed Natasha
  1632 | D:2      | Reached skill level 5 in Fighting
  1677 | D:2      | Noticed Natasha
  1694 | D:2      | Killed Natasha
  1795 | D:2      | Noticed Natasha
  1803 | D:2      | Killed Natasha
  2076 | D:2      | Found a sacrificial altar of Ru.
  2285 | D:3      | Reached XP level 6. HP: 38/40 MP: 6/6
  2457 | D:3      | Found a sparkling altar of Nemelex Xobeh.
  2909 | D:3      | Found a bloodstained altar of Trog.
  3019 | D:3      | Found a burning altar of Makhleb.
  3036 | D:3      | Reached skill level 6 in Fighting
  3365 | D:4      | Reached skill level 5 in Maces & Flails
  3619 | D:4      | Noticed Pikel
  3619 | D:4      | Noticed a slave
  3620 | D:4      | Noticed a slave
  3631 | D:4      | Killed Pikel
  3631 | D:4      | Reached skill level 7 in Fighting
  3631 | D:4      | Reached XP level 7. HP: 44/48 MP: 7/7
  3777 | D:4      | Found a blossoming altar of Fedhas.
  3781 | D:4      | Found a glowing silver altar of Zin.
  3801 | D:4      | Found Sim Vuic's Food Boutique.
  3808 | D:4      | Bought a bread ration for 70 gold pieces
  3950 | D:5      | Entered Level 5 of the Dungeon
  4025 | D:4      | Reached XP level 8. HP: 44/53 MP: 8/8
  4122 | D:5      | Noticed Menkaure
  4142 | D:5      | Killed Menkaure
  4394 | D:5      | Reached skill level 8 in Fighting
  4793 | D:5      | Found a shimmering altar of Xom.
  4814 | D:5      | Found a shattered altar of Ashenzari.
  5145 | D:6      | Noticed Edmund
  5170 | D:6      | Killed Edmund
  5572 | D:6      | Reached skill level 9 in Fighting
  5693 | D:6      | Found a blossoming altar of Fedhas.
  5728 | D:6      | Reached XP level 9. HP: 34/60 MP: 9/9
  6824 | D:7      | Found a staircase to the Ecumenical Temple.
  6855 | Temple   | Entered the Ecumenical Temple
  6869 | Temple   | Became a worshipper of Warmaster Okawaru
  7354 | D:7      | Reached skill level 10 in Fighting
  7385 | D:7      | Found a shadowy altar of Dithmenos.
  8093 | D:8      | Reached * piety under Okawaru
  8119 | D:8      | Noticed a fire drake
  8136 | D:8      | Killed from afar by a fire drake

Vault maps used:
D:1:      dpeg_arrival_lava_temple_mockup, minmay_misc_feat_ornament,
          hex_intersection
D:2:      lemuel_doored_altar, old_standard_altar, vehumet_crystals,
          lemuel_round_altar, nicolae_overflow_hidden_temple,
          uniq_crazy_yiuf_cottage, uniq_natasha
D:3:      nemelex_deck, makhleb_grotto_becter, lightli_temple_of_fire,
          first_bread, grunt_decor_resistance, st_stairs_4
D:4:      minitemple, serial_shops, shop_fountains, uniq_pikel
D:5:      lemuel_crystal_altar, basic_altar,
          hangedman_abyss_or_decor_jellyfish_corner, minmay_misc_feat_encased,
          uniq_menkaure
D:6:      fedhas_bush_and_centaur_altar, uniq_edmund
D:7:      lemuel_round_altar, minmay_temple_entry_hall, grunt_ogre_cave,
          kennysheep_another_room, solitary_fountain
D:8:      minmay_lair_entry_lava
Temple:   corrupted_temple

Action                   |  1- 3 |  4- 6 |  7- 9 || total
-------------------------+-------+-------+-------++-------
Melee: Flail             |   144 |   293 |   443 ||   880
  Use: Scroll            |     2 |     4 |     9 ||    15
       Potion            |       |     2 |     4 ||     6
  Eat: Chunk             |     1 |     9 |    11 ||    21
       Meat ration       |       |       |     1 ||     1
